Map: 이터널 엠파이어 - 래더

Players

ZipperTheFly

  • Race: Terran Terran
  • Spawn Location: 7:00

AxImpact (Impact) - Winner!

  • Race: Zerg Zerg
  • League: Platinum
  • Spawn Location: 1:00

Event: IEM Katowice 2020

VOD

Have the link to the VOD?

Description

Time

  • Played on: Feb. 24, 2020, 9:49 a.m.
  • Length: 9:30

All games in this series

Show
View Real Time Build Order
Export as new Build Order

ZipperTheFly Terran 

Build Orders: 2 Factory, Reaper Expand, Mech 

Get SALT Encoding   

  12  0:00  SCV  
  13  0:12  SCV  
  14  0:17  Supply Depot  
  14  0:25  SCV  
  15  0:38  SCV  
  15  0:40  Barracks  
  16  0:43  Refinery  
  16  0:50  SCV  
  17  1:02  SCV  
  18  1:14  SCV  
  19  1:27  Orbital Command, Reaper  
  20  1:40  Command Center  
  20  1:49  Supply Depot  
  20  1:53  SCV  
  21  1:59  Marine  
  22  2:05  SCV  
  23  2:08  Factory  
  23  2:13  Refinery  
  23  2:17  SCV  
  23  2:20  Barracks Reactor  
  24  2:29  SCV  
  25  2:47  SCV  
  26  2:51  Orbital Command  
  26  2:55  Factory  
  26  2:59  SCV  
  26  3:00  Hellion x2  
  26  3:02  Marine  
  32  3:10  Supply Depot  
  32  3:15  SCV  
  32  3:17  SCV  
  34  3:20  Marine  
  34  3:23  Hellion x2  
  39  3:29  SCV  
  39  3:30  SCV  
  41  3:37  Supply Depot  
  41  3:39  Barracks Reactor, Factory Tech Lab  
  41  3:41  SCV  
  41  3:42  SCV  
  45  3:54  SCV x2  
  47  4:00  Infernal Pre-Igniter  
  47  4:02  Siege Tank  
  50  4:06  SCV x2  
  50  4:12  Command Center  
  50  4:15  Marine x2  
  52  4:20  Hellion x2  
  56  4:27  Supply Depot  
  56  4:36  Siege Tank  
  56  4:37  Marine  
  60  4:39  Marine  
  60  4:44  Armory  
  61  4:46  Supply Depot  
  61  4:48  Hellion x2  
  61  4:52  Supply Depot  
  61  5:00  Marine x2  
  62  5:08  Siege Tank  
  62  5:10  Hellion x2  
  69  5:21  Marine x2  
  69  5:24  Orbital Command  
  71  5:33  Hellion x2  
  75  5:39  Marine x2  
  75  5:40  Supply Depot  
  75  5:41  Siege Tank  
  72  5:59  Marine  
  72  6:02  Orbital Command  
  59  6:04  Marine, Hellion x2  
  56  6:14  SCV x2  
  56  6:17  Siege Tank  
  61  6:23  Marine x2  
  63  6:26  SCV x2  
  63  6:32  SCV, Hellion x2  
  70  6:38  SCV x2  
  72  6:40  Supply Depot  
  72  6:45  SCV  
  73  6:47  Marine x2  
  73  6:50  SCV  
  73  6:51  SCV  
  75  6:57  SCV  
  75  7:04  SCV x2  
  64  7:16  SCV  
  64  7:18  Hellion x2  
  64  7:22  Orbital Command  
  60  7:31  SCV x2  
  60  7:35  Marine x2, Siege Tank  
  65  7:40  Factory, Refinery  
  65  7:41  Factory x2  
  65  7:43  SCV x2, Refinery  
  66  7:47  SCV  
  65  7:51  Bunker  
  65  7:55  SCV x2  
  67  7:59  Hellion x2  
  67  8:05  Barracks Tech Lab  
  71  8:08  SCV  
  71  8:10  SCV  
  54  8:20  SCV  
  54  8:22  SCV  
  54  8:25  Orbital Command  
  54  8:26  Hellion x2  
  49  8:32  SCV  
  49  8:33  Factory Tech Lab  
  50  8:34  SCV  
  51  8:44  SCV  
  51  8:45  Hellion  
  51  8:47  SCV  
  51  8:48  Supply Depot  
  55  8:54  SCV  
  52  9:07  Hellion x3  
  52  9:08  SCV  
  56  9:11  SCV  
Show
View Real Time Build Order
Export as new Build Order

AxImpact Zerg - Winner!

Build Orders: Hatch First 

Get SALT Encoding   

  12  0:00  Drone  
  13  0:12  Overlord  
  13  0:17  Drone  
  14  0:30  Drone x2  
  16  0:49  Hatchery  
  15  0:52  Drone  
  15  0:55  Drone  
  17  0:58  Drone  
  18  1:09  Extractor  
  17  1:14  Spawning Pool  
  17  1:18  Drone  
  17  1:21  Drone  
  18  1:31  Drone  
  19  1:40  Drone  
  20  1:51  Drone  
  21  2:01  Zergling x4, Queen x2  
  27  2:16  Hatchery  
  26  2:23  Overlord  
  26  2:27  Drone  
  26  2:28  Drone  
  28  2:35  Metabolic Boost  
  28  2:42  Drone  
  28  2:43  Drone  
  30  2:48  Queen  
  30  2:51  Drone  
  33  2:55  Overlord  
  33  2:58  Drone  
  34  2:59  Drone  
  34  3:01  Drone  
  36  3:14  Drone x2  
  36  3:16  Drone x2  
  36  3:18  Drone  
  41  3:21  Drone  
  41  3:24  Drone x2  
  44  3:30  Roach Warren  
  44  3:31  Extractor  
  44  3:32  Extractor  
  41  3:35  Drone x2  
  41  3:36  Drone x2  
  41  3:40  Drone x2  
  47  3:44  Zergling x6  
  50  3:48  Overlord  
  50  3:51  Overlord  
  50  3:55  Overlord  
  50  4:07  Overlord  
  50  4:13  Roach  
  50  4:14  Roach x4  
  50  4:16  Roach  
  62  4:17  Roach  
  62  4:20  Roach  
  66  4:24  Spore Crawler  
  66  4:25  Roach  
  66  4:28  Roach  
  69  4:31  Roach  
  69  4:37  Overlord  
  71  4:42  Zergling x8  
  75  4:45  Zergling x2  
  75  4:46  Zergling x2  
  76  4:57  Zergling x4, Ravager x2  
  76  4:59  Zergling x10  
  82  5:04  Zergling x2  
  83  5:07  Zergling x2  
  83  5:09  Zergling x2  
  83  5:10  Ravager x4  
  89  5:15  Zergling x2  
  89  5:17  Overlord x2  
  90  5:29  Overlord x3  
  90  5:36  Ravager x2  
  90  5:37  Zergling x6, Ravager  
  90  5:40  Zergling x2  
  97  5:45  Zergling x8  
  97  5:46  Ravager  
  85  5:57  Zergling x12  
  85  5:59  Zergling x2  
  70  6:07  Roach x2  
  70  6:08  Roach  
  70  6:10  Drone  
  72  6:12  Drone  
  67  6:19  Drone x3  
  67  6:20  Drone x2  
  67  6:24  Drone x2  
  74  6:29  Roach x2  
  80  6:33  Ravager x3  
  80  6:36  Roach x2  
  80  6:39  Roach  
  86  6:41  Drone  
  86  6:44  Roach  
  89  6:47  Roach x2  
  89  6:50  Zergling x2, Roach  
  89  6:51  Zergling x2  
  97  6:55  Roach x2  
  97  7:00  Overlord  
  99  7:02  Overlord  
  99  7:03  Ravager  
  99  7:05  Zergling x4  
  99  7:09  Overlord x2  
  95  7:21  Ravager x2  
  95  7:23  Drone x7  
  95  7:29  Drone  
  97  7:34  Drone x2  
  97  7:37  Lair  
  97  7:38  Extractor x2  
  97  7:39  Extractor, Drone  
  94  7:45  Drone x2  
  94  7:46  Queen  
  94  7:47  Queen  
  94  7:48  Drone  
  101  7:52  Drone  
  101  7:55  Drone  
  101  7:58  Evolution Chamber  
  102  7:59  Evolution Chamber  
  102  8:01  Overlord  
  102  8:04  Ravager x3  
  104  8:09  Zergling x10  
  104  8:10  Zergling x6  
  85  8:21  Drone x3  
  85  8:32  Drone  
  85  8:34  Drone x2  
  87  8:39  Drone x6  
  94  8:42  Drone  
  94  8:45  Ravager  
  94  8:46  Drone  
  94  8:47  Drone  
  98  8:50  Overseer  
  98  8:53  Drone  
  99  8:56  Drone  
  94  9:07  Drone x9  
  100  9:11  Spire  

Tags
 
Add a new tag
Caveats
  • Supply blocks, unpowered buildings, or Contaminate may cause inaccurate times.
  • Supply counts are checked every 10 seconds.